 Dungeon Crawl Stone Soup version 0.22-a0-396-g3f858e3 (webtiles) character file.

12607 Borgoz the Fighter (level 11, -3/102 HPs)
             Began as a Minotaur Gladiator on May 3, 2018.
             Hit by a large rock thrown by a cyclops (23 damage)
             ... on level 12 of the Dungeon.
             The game lasted 00:24:56 (9980 turns).

Borgoz the Fighter (Minotaur Gladiator)             Turns: 9980, Time: 00:24:57

Health: -3/102     AC: 13    Str: 19    XL:     11   Next: 64%
Magic:  10/10      EV: 20    Int: 12    God:
Gold:   372        SH:  0    Dex: 22    Spells: 10/10 levels left

rFire    + . .     SeeInvis +   b - +10 flail of Battle {crush, rPois Int+7 SInv}
rCold    . . .     Gourm    +   (no shield)
rNeg     . . .     Faith    .   t - +5 ring mail of True Grit {-Cast rElec rF+ rCorr}
rPois    +         Spirit   .   c - +1 hat
rElec    +         Reflect  .   (no cloak)
rCorr    +         Harm     .   (no gloves)
MR       .....     NoCast   +   (no boots)
Stlth    +.........             a - amulet of the gourmand
HPRegen  0.27/turn              w - +4 ring of dexterity
MPRegen  0.12/turn              A - +3 ring of dexterity

@: no status effects
A: retaliatory headbutt, horns 2
a: no special abilities


You were on level 12 of the Dungeon.
You were full.

You visited 2 branches of the dungeon, and saw 13 of its levels.
You also visited: Bailey.

You collected 732 gold pieces.
You spent 360 gold pieces at shops.

Inventory:

Hand Weapons
 b - the +10 flail of Battle (weapon) {crush, rPois Int+7 SInv}
   (You took it off a hobgoblin in a bailey)

   It inflicts extra damage upon your enemies.
   It affects your intelligence (+7).
   It protects you from poison.
   It lets you see invisible.
Missiles
 d - 8 throwing nets (quivered)
 p - 45 tomahawks of returning
Armour
 c - a +1 hat (worn)
 i - a +0 shield
 l - a +0 scale mail
 t - the +5 ring mail of True Grit (worn) {-Cast rElec rF+ rCorr}
   (You found it on level 4 of the Dungeon)

   It protects you from fire.
   It insulates you from electricity.
   It prevents spellcasting.
   It protects you from acid and corrosion.
Jewellery
 a - an amulet of the gourmand (around neck)
 m - an uncursed ring of protection from cold
 o - a +4 ring of evasion
 u - an uncursed ring of protection from cold
 w - a +4 ring of dexterity (left hand)
 A - a +3 ring of dexterity (right hand)
 E - a +1 ring of evasion
 M - the cursed ring "Geommap" {rC+ rN+ Int-2, unknown}
   (You found it on level 10 of the Dungeon)

   [ring of intelligence]

   It affects your intelligence (-2).
   It protects you from cold.
   It protects you from negative energy.
   It has a curse placed upon it.
 P - an uncursed ring of protection from cold
Wands
 e - a wand of polymorph (16)
 v - a wand of acid (30)
 G - a wand of disintegration (10)
 L - a wand of enslavement (7)
Scrolls
 h - 4 scrolls of remove curse
 q - 2 scrolls of fog
 s - a scroll of blinking
 x - 2 scrolls of acquirement {unknown}
 y - 4 scrolls of identify
 D - 7 scrolls of enchant armour
 F - a scroll of vulnerability {unknown}
 J - a scroll of amnesia {unknown}
 N - a scroll of enchant weapon
 Q - a scroll of magic mapping {unknown}
Potions
 g - a potion of heal wounds
 j - a potion of berserk rage {unknown}
 k - 4 potions of curing
 n - 2 potions of agility
 r - 2 potions of haste
 z - a potion of ambrosia {unknown}
 B - 3 potions of degeneration {unknown}
 C - 2 potions of mutation
 H - a potion of resistance
 I - 2 potions of brilliance
 K - 3 potions of lignification
 O - a potion of magic {unknown}
Comestibles
 f - 25 rations
 R - 2 chunks of flesh


   Skills:
 + Level 11.4 Fighting
   Level 9.5(10.4) Axes
 + Level 7.0(9.3) Maces & Flails
 - Level 2.0 Throwing
 + Level 11.0 Armour
 + Level 10.8 Dodging


You had 10 spell levels left.
You didn't know any spells.

Dungeon Overview and Level Annotations

Branches:
Dungeon (12/15)            Temple (1/1) D:5            Lair (0/6) D:10
    Orc (0/2) D:11

Altars:
Ashenzari
Cheibriados
Dithmenos
Elyvilon
Fedhas
Gozag
Hepliaklqana
Kikubaaqudgha
Makhleb
Nemelex Xobeh
Okawaru
Qazlal
Ru
Sif Muna
Trog
Uskayaw
Vehumet
Wu Jian
Xom
Yredelemnul
Zin
The Shining One

Shops:
D:4 (   D:9 =   D:11 *

Annotations:
D:9 3 runed doors


Innate Abilities, Weirdness & Mutations

You reflexively headbutt those who attack you in melee.
You have a pair of horns on your head.


Message History

Your base Maces & Flails skill increases to level 7!
The hog bites you. The hog bites you but does no damage.
You hit the hog. You headbutt the hog.
The hog is almost dead.
The hog barely misses you. You furiously retaliate!
You headbutt the hog.
You kill the hog!
A cyclops comes into view.
Things that are here:
a hog corpse x2
Butcher a hog corpse? [(y)es/(n)o/(a)ll/(q)uit/?]
You butcher the hog corpse.
The cyclops throws a large rock.
You stop butchering the corpse.
The large rock misses you.
R - 2 chunks of flesh The cyclops throws a large rock.
The large rock hits you!!
* * * LOW HITPOINT WARNING * * *
A green ugly thing comes into view.
An acid dragon comes into view.
You see here an arrow.
The cyclops throws a large rock.
The large rock hits you!!
You die...

#...........###
#...........#######
#............##...# #####
#............##...###...#
#.....[...........?.....#
##..........(...........#
#.....................##
#...............#######
#........@.<...##
#.(...(........#
##......######## ###
##(.........
.##...#(.......#..
.......(.........#
)......#()..#...#.
#.......C..#...#..
...u..........#...


You could see a cyclops.

Vanquished Creatures
  An orc warlord (Bailey)
  A two-headed ogre (D:9)
  2 unseen horrors
  Pikel (D:6)
  An oklob plant (D:10)
  An ugly thing (D:11)
  Maurice (D:9)
  An ice statue (D:9)
  2 trolls
  Grinder (D:4)
  A hippogriff (D:10)
  A yak (D:9)
  A vampire (D:10)
  A human (D:9)
  A wraith (D:10)
  A hungry ghost (D:9)
  7 hogs
  3 water moccasins
  A soldier ant (D:10)
  2 slaves (D:6)
  4 orc warriors
  2 sky beasts
  5 phantoms
  2 black bears
  2 ice beasts
  An eye of draining (D:9)
  4 ogres
  6 centaurs
  A crocodile (D:11)
  A big kobold (D:7)
  Blork the orc (D:6)
  5 bullfrogs
  3 scorpions
  A water moccasin skeleton (D:11)
  9 wights
  4 crimson imps
  A bullfrog zombie (D:7)
  A centaur zombie (D:8)
  5 hounds
  2 jellies
  5 orc priests
  3 iron imps (D:7)
  12 orc wizards
  2 bullfrog skeletons
  4 iguanas
  6 worker ants
  2 worker ant zombies
  A howler monkey skeleton (D:7)
  12 adders
  10 gnolls
  A shadow imp (D:7)
  3 oozes (D:2)
  2 adder skeletons
  3 adder zombies
  3 worms
  3 dart slugs
  6 leopard geckos
  59 orcs
  9 bats
  3 giant cockroaches
  15 goblins
  10 hobgoblins
  10 jackals
  2 quokkas
  A ball python (D:7)
  10 frilled lizards
  A jackal skeleton (D:4)
  26 kobolds
  3 leopard gecko skeletons
  A quokka zombie (D:6)
  9 rats
  2 plants (D:10)
330 creatures vanquished.

Vanquished Creatures (collateral kills)
  A goblin (D:8)
1 creature vanquished.

Vanquished Creatures (others)
  An orc priest (D:6)
  2 orcs (D:6)
3 creatures vanquished.

Grand Total: 334 creatures vanquished

Notes
Turn   | Place    | Note
-------+----------+-------------------------------------------
     0 | D:1      | Borgoz the Minotaur Gladiator began the quest for the Orb.
     0 | D:1      | Reached XP level 1. HP: 18/18 MP: 0/0
    64 | D:1      | Reached XP level 2. HP: 20/25 MP: 1/1
   156 | D:1      | Reached skill level 1 in Armour
   503 | D:1      | Reached XP level 3. HP: 31/31 MP: 2/2
   853 | D:2      | Reached XP level 4. HP: 30/38 MP: 3/3
   878 | D:2      | Found a deep blue altar of Sif Muna.
  1195 | D:2      | Found a snail-covered altar of Cheibriados.
  1201 | D:2      | Found a basalt altar of Yredelemnul.
  1207 | D:2      | Found a hide-covered altar of Uskayaw.
  1510 | D:3      | Found a faded altar of an unknown god.
  1578 | D:3      | Noticed a bullfrog
  1582 | D:3      | Killed a bullfrog
  1582 | D:3      | Reached XP level 5. HP: 34/46 MP: 4/4
  1630 | D:3      | Found a sacrificial altar of Ru.
  1710 | D:3      | Found an opulent altar of Gozag.
  2152 | D:4      | Noticed a phantom
  2195 | D:4      | Killed a phantom
  2195 | D:4      | Reached skill level 5 in Axes
  2195 | D:4      | Reached XP level 6. HP: 30/53 MP: 5/5
  2275 | D:4      | Noticed Grinder
  2285 | D:4      | Killed Grinder
  2285 | D:4      | Reached skill level 5 in Dodging
  2470 | D:4      | Reached XP level 7. HP: 54/60 MP: 6/6
  2746 | D:4      | Reached skill level 5 in Fighting
  2818 | D:4      | Got a dazzling ring mail
  2829 | D:4      | Identified the +5 ring mail of True Grit {-Cast rElec rF+ rCorr} (You found it on level 4 of the Dungeon)
  3024 | D:4      | Found Cejit's Weapon Shoppe.
  3285 | D:5      | Entered Level 5 of the Dungeon
  3311 | D:5      | Found an ancient bone altar of Kikubaaqudgha.
  3496 | D:5      | Found a staircase to the Ecumenical Temple.
  3525 | Temple   | Entered the Ecumenical Temple
  3960 | D:5      | Reached skill level 5 in Armour
  4165 | D:6      | Noticed Blork the orc
  4171 | D:6      | Killed Blork the orc
  4171 | D:6      | Reached XP level 8. HP: 65/70 MP: 7/7
  4205 | D:6      | Noticed Pikel
  4227 | D:6      | Killed Pikel
  4255 | D:5      | Found a glowing golden altar of the Shining One.
  4717 | D:6      | Found an opulent altar of Gozag.
  5001 | D:7      | Reached XP level 9. HP: 77/79 MP: 8/8
  5002 | D:7      | Found a burning altar of Makhleb.
  5558 | D:8      | Found a flagged portal.
  5574 | Bailey   | Entered a bailey
  5579 | Bailey   | Noticed an orc warlord
  5652 | Bailey   | Found a runed gate.
  5652 | Bailey   | Found a runed gate.
  5652 | Bailey   | Found a runed gate.
  6010 | Bailey   | Got a bloodstained flail {crush}
  6029 | Bailey   | Killed an orc warlord
  6029 | Bailey   | Reached XP level 10. HP: 38/91 MP: 9/9
  6033 | Bailey   | Identified the +10 flail of Battle {crush, rPois Int+7 SInv} (You took it off a hobgoblin in a bailey)
  6726 | D:8      | Reached skill level 1 in Maces & Flails
  7412 | D:9      | Found Feobocieg's Jewellery Emporium.
  7438 | D:9      | Bought an uncursed amulet of the gourmand for 360 gold pieces
  7504 | D:9      | Found a runed door.
  7515 | D:9      | Found a runed door.
  7526 | D:9      | Found a runed door.
  7549 | D:9      | Noticed Maurice
  7557 | D:9      | Killed Maurice
  7609 | D:9      | Noticed a two-headed ogre
  7617 | D:9      | Killed a two-headed ogre
  7617 | D:9      | Reached skill level 10 in Fighting
  7810 | D:9      | Found a runed door.
  8017 | D:9      | Noticed an ice statue
  8028 | D:9      | Killed an ice statue
  8073 | D:10     | Entered Level 10 of the Dungeon
  8103 | D:10     | Reached skill level 10 in Armour
  8130 | D:10     | Noticed an unseen horror
  8138 | D:10     | Killed an unseen horror
  8138 | D:10     | Reached skill level 5 in Maces & Flails
  8138 | D:10     | Reached XP level 11. HP: 81/101 MP: 10/10
  8162 | D:10     | Noticed an oklob plant
  8165 | D:10     | Found a staircase to the Lair.
  8199 | D:10     | Reached skill level 10 in Dodging
  8497 | D:10     | Got a pitted glass ring
  9047 | D:10     | Killed an oklob plant
  9245 | D:11     | Found a staircase to the Orcish Mines.
  9474 | D:11     | Noticed an unseen horror
  9485 | D:11     | Killed an unseen horror
  9630 | D:11     | Noticed a white ugly thing
  9636 | D:11     | Killed a white ugly thing
  9760 | D:11     | Found Ciwif's Serpentskin Sales.
  9971 | D:12     | Noticed a green ugly thing
  9980 | D:12     | Hit by a large rock thrown by a cyclops

Vault maps used:
D:1:      dpeg_arrival_connections
D:2:      lemuel_blue_sif_altar, minitemple, hangedman_decor_points,
          minmay_lizard_king
D:3:      overflow_temple_1_default, nicolae_overflow_crystal_walls,
          chequers_ecumenical_altar_twisty, first_ration
D:4:      serial_shops, shop_fountains, uniq_grinder
D:5:      nicolae_overflow_hidden_temple, minmay_temple_entry_mist, st_stairs_13
D:6:      kennysheep_pointless_box, lemuel_statue_altar, uniq_blork_the_orc,
          uniq_pikel
D:7:      demons_altar
D:8:      enter_bailey_3
D:9:      serial_shops, nicolae_shop_competitors_out_of_business,
          grunt_livestock, minmay_statue_crystal_thing, uniq_maurice
D:10:     dpeg_oklobed_lair
D:11:     hiddenorc2_lemuel, guppyfry_shop_venom
D:12:     hangedman_decor_opposing, uniq_josephine, uniq_kirke, uniq_urug,
          uniq_frances
Temple:   cyrus_circular_temple
Bailey:   bailey_axe_bossmonster_kennysheep, bailey

Skill      XL: |  1  2  3  4  5  6  7  8  9 10 11 |
---------------+----------------------------------+-----
Armour         | 1 2 3 4 5 6 8 10 11 | 11.0
Axes           | 4 5 6 7 9 |  9.5
Fighting       | 3 4 6 7 9 10 11 | 11.4
Dodging        | 4 5 6 7 8 9 10 | 10.8
Maces & Flails | 5 7 |  7.0
Throwing       | |  2.0

Action                   |  1- 3 |  4- 6 |  7- 9 | 10-12 || total
-------------------------+-------+-------+-------+-------++-------
Melee: War axe           |    69 |   105 |   263 |       ||   437
       Headbutt          |    11 |    24 |    66 |    64 ||   165
       Flail             |       |       |       |   322 ||   322
  Use: Scroll            |       |       |    15 |     2 ||    17
       Potion            |       |       |     4 |       ||     4
 Stab: Distracted        |       |       |       |     1 ||     1
  Eat: Chunk             |       |     4 |     9 |    22 ||    35
       Ration            |       |       |     1 |       ||     1
Armor: Leather armour    |     8 |       |       |       ||     8
       Scale mail        |    12 |    28 |     4 |       ||    44
       Ring mail         |       |       |    62 |    93 ||   155
Dodge: Dodged            |    43 |    74 |   282 |   316 ||   715

Table legend:
 A = Spawn XP
 B = Non-spawn XP
 C = Spawn XP percentage of total XP
 D = Spawn monster count
 E = Non-spawn monster count
 F = Spawn count percentage of total count
 G = Total turns spent on level
                    A         B        C        D         E        F      G
               +---------+---------+-------+---------+---------+-------+---------
         Total |       0 |   18010 |   0.0 |       0 |     327 |   0.0 |  9980
               +---------+---------+-------+---------+---------+-------+---------
           D:1 |       0 |      46 |   0.0 |       0 |      25 |   0.0 |   746
           D:2 |       0 |     100 |   0.0 |       0 |      32 |   0.0 |   695
           D:3 |       0 |     131 |   0.0 |       0 |      19 |   0.0 |   597
           D:4 |       0 |     603 |   0.0 |       0 |      13 |   0.0 |  1309
           D:5 |       0 |     449 |   0.0 |       0 |      14 |   0.0 |  1072
           D:6 |       0 |    1202 |   0.0 |       0 |      15 |   0.0 |   512
           D:7 |       0 |    1424 |   0.0 |       0 |      44 |   0.0 |   728
           D:8 |       0 |     543 |   0.0 |       0 |      19 |   0.0 |   746
           D:9 |       0 |    3861 |   0.0 |       0 |      26 |   0.0 |   879
          D:10 |       0 |    3825 |   0.0 |       0 |      36 |   0.0 |  1021
          D:11 |       0 |    2840 |   0.0 |       0 |      56 |   0.0 |   805
          D:12 |       0 |    1078 |   0.0 |       0 |       7 |   0.0 |    81
        Bailey |       0 |    1908 |   0.0 |       0 |      21 |   0.0 |   726
               +---------+---------+-------+---------+---------+-------+---------
